 Dungeon Crawl Stone Soup version 0.30-a0-883-g5ad918d77d (webtiles) character file.

Game seed: 17279068197195599211

40436 Zeldest the Dealer of Despair (level 13, -10/107 HPs)
             Began as a Mummy Reaver on Mar 16, 2023.
             Was an Elder of Kikubaaqudgha.
             Mangled by a reaper
             ... wielding a +0 scythe of freezing
              (30 damage)
             ... in an ice cave.
             The game lasted 01:03:27 (22461 turns).

Zeldest the Dealer of Despair (Mummy Reaver)       Turns: 22461, Time: 01:03:27

Health: -10/107    AC: 10    Str: 15    XL:     13   Next: 74%
Magic:  10/26      EV: 11    Int: 20    God:    Kikubaaqudgha [****..]
Gold:   2495       SH:  0    Dex: 11    Spells: 6/31 levels left

rFire   . . .      SeeInvis .    b - +5 hand axe (flame)
rCold   + + +      Faith    +    (no shield)
rNeg    + + +      Spirit   .    I - +0 leather armour {rC+ rF+}
rPois   ∞          Reflect  .    D - +1 hat {Will+}
rElec   .          Rampage  .    s - scarf {repulsion}
rCorr   .                        n - +1 pair of gloves
Will    ++...                    l - +2 pair of boots
Stlth   +                        (no amulet)
HPRegen 0.37/turn                c - ring of wizardry
MPRegen 0.20/turn                A - ring of Contentment {rC+ Int+3 Slay+6}

@: repel missiles
A: cold resistance 1, negative energy resistance 3, torment resistance 2, heat
vulnerability 1, in touch with death 2, no potions, faith
a: Renounce Religion, Unearth Wretches


You were in an ice cave.
You worshipped Kikubaaqudgha.
Kikubaaqudgha was greatly pleased with you.
You visited 4 branches of the dungeon, and saw 18 of its levels.
You also visited: Ice Cave.

You collected 2495 gold pieces.

Inventory:

Hand Weapons
 b - a +5 hand axe of flaming (weapon)
 w - a +2 demon whip of venom
Missiles
 g - 4 throwing nets
 p - 3 curare-tipped darts
Armour
 h - a +0 troll leather armour
 l - a +2 pair of boots (worn)
 n - a +1 pair of gloves (worn)
 q - the +2 pair of gloves of the New World {Harm rC+ Will+++ Dex-3}
   (You found it on level 4 of the Dungeon)

   Dex:       It affects your dexterity (-3).
   rC:        It protects you from cold.
   Harm:      It increases damage dealt and taken.
   Will:      It greatly increases your willpower.
 s - a scarf of repulsion (worn)
 v - +0 acid dragon scales
 D - a +1 hat of willpower (worn)
 G - a +0 kite shield
 I - a +0 leather armour of resistance (worn)
Magical Staves
 a - a staff of death
 y - a staff of air
Jewellery
 c - a ring of wizardry (left hand)
 k - a ring of wizardry
 m - a ring of magical power
 A - the ring of Contentment (right hand) {rC+ Int+3 Slay+6}
   (You acquired it on level 1 of the Lair of Beasts)

   [ring of protection from cold]

   Int:       It affects your intelligence (+3).
   Slay:      It affects your accuracy & damage with ranged weapons and melee
   (+6).
   rC:        It protects you from cold.
 C - a ring of protection from fire
Wands
 r - a wand of flame (12)
 E - a wand of iceblast (5)
Scrolls
 d - 2 scrolls of enchant armour
 e - a scroll of amnesia
 f - a scroll of vulnerability
 i - 2 scrolls of silence
 j - 2 scrolls of noise
 o - 3 scrolls of fear
 t - a scroll of torment
 u - a scroll of immolation
 x - a scroll of blinking
 z - 3 scrolls of teleportation
 B - a scroll of magic mapping
 F - 3 scrolls of identify
 H - 2 scrolls of poison


   Skills:
 + Level 11.7 Fighting
 - Level 8.6(8.7) Axes
 - Level 1.0(5.5) Maces & Flails
 - Level 1.2(1.4) Staves
 - Level 5.0 Armour
 - Level 1.5 Dodging
 - Level 1.0 Shields
 + Level 9.7 Spellcasting
 - Level 4.6 Conjurations
 - Level 3.0 Summonings
 + Level 12.5 Necromancy
 + Level 6.6 Ice Magic
 - Level 0.6 Evocations


You had 6 spell levels left.
You knew the following spells:

 Your Spells              Type           Power      Damage    Failure   Level
a - Vampiric Draining     Necr           94%        2d12      1%          3
c - Anguish               Hex/Necr       33%        N/A       2%          4
d - Necrotise             Necr           100%       1d9       1%          1
e - Death Channel         Necr           47%        N/A       3%          6
f - Agony                 Necr           94%        N/A       1%          5
g - Simulacrum            Ice/Necr       41%        N/A       11%         6

Your spell library contained the following spells:

 Spells                   Type           Power      Damage    Failure   Level
 Kiss of Death            Conj/Necr      100%       2d13      1%          1
 Cigotuvi's Dreadful Rot  Necr/Pois/Air  100%       N/A       1%          2
 Ensorcelled Hibernation  Hex/Ice        44%        N/A       1%          2
 Momentum Strike          Conj/Tloc      38%        3d9       1%          2
 Hailstorm                Conj/Ice       32%        3d8       1%          3
 Dispel Undead            Necr           94%        3d30      1%          4
 Summon Guardian Golem    Hex/Summ       15%        N/A       6%          3
 Gell's Gravitas          Tloc           9%         N/A       11%         3
 Ignite Poison            Fire/Tmut/Pois 9%         N/A       11%         3
 Kindle Blastsparks       Fire/Tloc/Air  18%        2d11      11%         3
 Teleport Other           Tloc           9%         N/A       11%         3
 Summon Lightning Spire   Summ/Air       15%        N/A       17%         4
 Freezing Cloud           Conj/Ice/Air   12%        6-21      21%         5
 Metabolic Englaciation   Hex/Ice        11%        N/A       24%         5
 Conjure Ball Lightning   Conj/Air       9%         3x3d6     86%         6
 Dispersal                Tloc           4%         N/A       99%         6
 Discord                  Hex            4%         N/A       100%        8
 Disjunction              Tloc           4%         N/A       100%        8
 Maxwell's Capacitive Co  Air            4%         ∞         100%        8
 Summon Horrible Things   Summ           10%        N/A       100%        8
 Polar Vortex             Ice            18%        N/A       100%        9
 Spider Form              Tmut/Pois      Unusable   N/A       N/A         3
 Storm Form               Tmut/Air       Unusable   N/A       N/A         7

Dungeon Overview and Level Annotations

Branches:
Dungeon (11/15)            Temple (1/1) D:6            Lair (5/5) D:8
 Shoals (0/4) Lair:3        Snake (0/4) Lair:2        Slime (0/5) Lair:5
    Orc (1/2) D:10          IceCv (1/1)

Altars:
Ashenzari
Cheibriados
Dithmenos
Fedhas
Gozag
Hepliaklqana
Kikubaaqudgha
Makhleb
Nemelex Xobeh
Okawaru
Qazlal
Ru
Sif Muna
Trog
Uskayaw
Vehumet
Wu Jian
Xom
Yredelemnul
Jiyva

Shops:
D:9 !

Annotations:
D:4 3 runed translucent doors, Dil's ghost, novice MiBe
D:7 Joseph; Maggie


Innate Abilities, Weirdness & Mutations

You are immune to poison.
Your flesh is cold resistant. (rC+)
You are immune to negative energy. (rN+++)
You are immune to unholy pain and torment.
You are vulnerable to heat. (rF-)
You are strongly in touch with the powers of death.
You do not drink.
You have a special connection with the divine. (Faith)


Message History

Your rime drake simulacrum vaporises!
Your rime drake simulacrum bites the reaper.
Your rime drake simulacrum freezes the reaper!
The reaper resists.
The reaper hits your rime drake simulacrum with a +0 scythe of freezing!!
Your rime drake simulacrum vaporises!
Your rime drake simulacrum bites the reaper but does no damage.
Okay, then.
Your rime drake simulacrum bites the reaper but does no damage.
The reaper hits you with a +0 scythe of freezing!!
The reaper freezes you.
You slash the reaper! You burn the reaper.
The reaper is moderately wounded.
Your rime drake simulacrum bites the reaper but does no damage.
You closely miss the reaper.
The reaper is moderately wounded.
The reaper completely misses you.
Your rime drake simulacrum bites the reaper but does no damage.
Your rime drake simulacrum barely misses the reaper.
You hit the reaper but do no damage. You punch the reaper.
The reaper is moderately wounded.
The reaper hits you with a +0 scythe of freezing.
You barely miss the reaper.
The reaper is moderately wounded.
Your rime drake simulacrum bites the reaper but does no damage.
Your rime drake simulacrum barely misses the reaper.
The reaper hits you with a +0 scythe of freezing!!
The reaper freezes you.
You hit the reaper. You burn the reaper.
The reaper is moderately wounded.
Your rime drake simulacrum completely misses the reaper.
Your rime drake simulacrum bites the reaper but does no damage.
The reaper hits you with a +0 scythe of freezing!!
* * * LOW HITPOINT WARNING * * *
The reaper freezes you.
* * * LOW HITPOINT WARNING * * *
The reaper attacks as you move away!
The reaper hits you with a +0 scythe of freezing!!
You die...
Kikubaaqudgha rasps: "You have failed me!
Welcome... oblivion!"

### #..
##..##
##....#
#...Z.##
#2@Z#
##Z.##
##Z.#
##Z#
##.#
#.##
#.##
#Z.#
##.#


You could see a reaper (ally target) and 5 friendly rime drake simulacra.

Vanquished Creatures
  2 hydras (Lair:5)
  2 two-headed ogres
  A boulder beetle (D:11)
  3 death yaks (Lair:4)
  Sonja (Orc:1)
  Amaemon (D:10)
  6 skysharks
  A harpy (Lair:3)
  Pikel (D:7)
  An orc knight (Orc:1)
  4 black mambas
  Maurice (Orc:1)
  8 cane toads
  An orange demon (D:10)
  A torpor snail (Lair:4)
  A kobold demonologist (D:10)
  7 komodo dragons
  An anaconda simulacrum (IceCv)
  2 ice devils (IceCv)
  2 trolls
  16 blink frogs
  2 hornets
  2 polar bears
  6 wyverns
  A jumping spider (shapeshifter) (Lair:5)
  Sigmund (D:2)
  A dire elephant simulacrum (IceCv)
  16 yaks
  6 basilisks
  A wraith (D:11)
  A steam dragon (D:5)
  A warg (Orc:1)
  2 nagas (Lair:2)
  An acid dragon (D:8)
  10 water moccasins
  A hydra simulacrum (IceCv)
  A sky beast (D:7)
  8 orc warriors
  7 black bears
  2 ogres (D:5)
  A small abomination (Lair:5)
  5 wolves (Lair:1)
  3 centaurs
  A phantom (D:4)
  A lemure (D:7)
  5 kobold brigands
  11 bullfrogs
  A gnoll sergeant (D:10)
  4 scorpions
  2 cane toad simulacra (IceCv)
  A two-headed ogre simulacrum (IceCv)
  3 wights
  4 elephant simulacra (IceCv)
  A howler monkey (D:5)
  A hound (D:7)
  5 orc priests
  A gnoll bouda (D:6)
  6 jellies
  Jessica (D:2)
  9 orc wizards
  3 sleepcaps
  6 iguanas
  6 troll simulacra (IceCv)
  4 polar bear simulacra (IceCv)
  5 spriggan simulacra (IceCv)
  2 wolf simulacra (IceCv)
  13 gnolls
  5 naga simulacra (IceCv)
  8 adders
  7 white imps
  7 ufetubi
  A worm (D:3)
  3 dart slugs
  36 orcs
  8 endoplasms
  6 giant cockroaches
  11 hobgoblins
  8 jackals
  37 kobolds
  5 quokkas
  10 ball pythons
  10 bats
  2 frilled lizards
  13 goblins
  5 rats
420 creatures vanquished.

Vanquished Creatures (collateral kills)
  Gastronok (D:9)
  A hydra (Lair:5)
  A catoblepas (Lair:5)
  A harpy (Lair:3)
  An orc sorcerer (Orc:1)
  An ice statue (IceCv)
  2 blink frogs
  A wyvern (Lair:5)
  5 yaks
  A wraith (D:9)
  2 water moccasins
  A black bear (Lair:1)
  An orc warrior (Orc:1)
  An ogre (Orc:1)
  5 wolves (Lair:5)
  2 centaurs (D:9)
  A bullfrog (Lair:1)
  A gnoll sergeant (D:9)
  A cane toad simulacrum (IceCv)
  An elephant simulacrum (IceCv)
  A jelly (Lair:5)
  2 orc priests (Orc:1)
  7 orc wizards (Orc:1)
  2 gnolls (D:9)
  A white imp (IceCv)
  6 orcs (Orc:1)
50 creatures vanquished.

Vanquished Creatures (others)
  Snorg (D:11)
  A centaur warrior (D:11)
  A boulder beetle (D:9)
  A tengu warrior (D:9)
  A deep elf knight (D:11)
  A cyclops (D:9)
  A manticore (D:11)
  A cane toad (Lair:5)
  7 rime drakes (IceCv)
  A blink frog (Lair:5)
  A slime creature (D:9)
  A vampire (D:9)
  2 yaks
  A basilisk (Lair:3)
  A water moccasin (Lair:5)
  2 orc warriors (Orc:1)
  5 ice beasts (IceCv)
  An ogre (Orc:1)
  An adder (D:9)
  3 orcs
  A hobgoblin (D:11)
  48 fungi
  99 plants
182 creatures vanquished.

Grand Total: 652 creatures vanquished

Notes
Turn   | Place    | Note
-------+----------+-------------------------------------------
     0 | D:1      | Zeldest the Mummy Reaver began the quest for the Orb.
     0 | D:1      | Reached XP level 1. HP: 16/16 MP: 4/4
   263 | D:1      | Reached XP level 2. HP: 22/22 MP: 5/5
   826 | D:2      | Gained mutation: You are in touch with the powers of death.
                  | [Mummy growth]
   826 | D:2      | Reached XP level 3. HP: 23/28 MP: 7/7
   888 | D:2      | Noticed Jessica
   909 | D:2      | Killed Jessica
  1053 | D:2      | Reached XP level 4. HP: 22/24 MP: 8/8
  1329 | D:2      | Noticed Sigmund
  1333 | D:2      | Killed Sigmund
  1334 | D:2      | Reached XP level 5. HP: 16/42 MP: 6/9
  1612 | D:3      | Reached XP level 6. HP: 38/42 MP: 10/10
  1976 | D:3      | Reached skill level 1 in Necromancy
  3283 | D:4      | Reached XP level 7. HP: 14/28 MP: 11/11
  3446 | D:4      | Found a runed translucent gate.
  3447 | D:4      | Found a runed translucent gate.
  3447 | D:4      | Found a runed translucent gate.
  3448 | D:4      | Noticed Dil's ghost (novice MiBe)
  3450 | D:4      | Identified the +2 pair of gloves of the New World {Harm rC+
                  | Will+++ Dex-3}
  3506 | D:4      | Reached skill level 2 in Necromancy
  3762 | D:5      | Entered Level 5 of the Dungeon
  3767 | D:5      | Reached skill level 1 in Armour
  3969 | D:5      | Found a snail-covered altar of Cheibriados.
  4544 | D:5      | Noticed a steam dragon
  4586 | D:5      | Reached skill level 5 in Fighting
  4750 | D:5      | Reached skill level 3 in Necromancy
  4750 | D:5      | Reached XP level 8. HP: 25/62 MP: 12/12
  4998 | D:5      | Reached skill level 5 in Axes
  5978 | D:6      | Reached XP level 9. HP: 69/69 MP: 13/13
  6187 | D:6      | Found a staircase to the Ecumenical Temple.
  6217 | Temple   | Entered the Ecumenical Temple
  6309 | Temple   | Became a worshipper of Kikubaaqudgha
  6540 | D:7      | Noticed Joseph
  6728 | D:7      | Noticed Maggie
  6818 | D:7      | Noticed Pikel
  6849 | D:7      | Killed Pikel
  6997 | D:8      | Noticed a komodo dragon
  7026 | D:8      | Killed a komodo dragon
  7229 | D:8      | Found a staircase to the Lair.
  7452 | D:8      | Reached * piety under Kikubaaqudgha
  7452 | D:8      | Received a gift from Kikubaaqudgha
  8013 | D:9      | Found a sparkling altar of Nemelex Xobeh.
  8013 | D:9      | Found a hide-covered altar of Uskayaw.
  8030 | D:9      | Reached XP level 10. HP: 76/79 MP: 14/14
  8032 | D:9      | Found a hazy altar of Hepliaklqana.
  8034 | D:9      | Found a bloodstained altar of Trog.
  8035 | D:9      | Found a basalt altar of Yredelemnul.
  8184 | D:8      | Reached skill level 5 in Armour
  8404 | D:8      | Learned a level 3 spell: Vampiric Draining
  8407 | D:8      | Learned a level 2 spell: Cigotuvi's Dreadful Rot
  8412 | D:8      | Learned a level 4 spell: Anguish
  8414 | D:8      | Learned a level 1 spell: Necrotise
  8696 | Lair:1   | Entered Level 1 of the Lair of Beasts
  8721 | Lair:1   | Reached skill level 4 in Necromancy
  8996 | Lair:1   | Reached skill level 5 in Necromancy
  9213 | Lair:1   | Identified a scroll of acquirement
  9284 | Lair:1   | Noticed a cane toad
  9312 | Lair:1   | Killed a cane toad
  9315 | Lair:1   | Reached ** piety under Kikubaaqudgha
  9638 | Lair:1   | Reached skill level 6 in Necromancy
 10157 | Lair:1   | Noticed a cane toad
 10163 | Lair:1   | Killed a cane toad
 10456 | Lair:1   | Noticed a black mamba
 10465 | Lair:1   | Killed a black mamba
 10466 | Lair:1   | Reached skill level 7 in Necromancy
 10641 | Lair:2   | Noticed a black mamba
 10646 | Lair:2   | Killed a black mamba
 10647 | Lair:2   | Reached XP level 11. HP: 84/87 MP: 15/17
 11479 | Lair:2   | Found a staircase to the Snake Pit.
 11731 | Lair:2   | Reached skill level 8 in Necromancy
 11936 | Lair:2   | Reached skill level 5 in Spellcasting
 12142 | Lair:3   | Noticed a death yak
 12317 | Lair:2   | Reached skill level 1 in Summonings
 12780 | Lair:3   | Reached skill level 9 in Necromancy
 12929 | Lair:2   | Reached *** piety under Kikubaaqudgha
 12929 | Lair:2   | Received a gift from Kikubaaqudgha
 13048 | Lair:2   | Learned a level 6 spell: Death Channel
 13072 | Lair:3   | Got the Codex of Monotheism
 13369 | Lair:2   | Reached skill level 10 in Fighting
 13649 | Lair:3   | Noticed a death yak
 13659 | Lair:3   | Noticed a death yak
 13659 | Lair:3   | Noticed a death yak
 13660 | Lair:3   | Noticed a death yak
 13661 | Lair:3   | Noticed a death yak
 13831 | Lair:3   | Found a staircase to the Shoals.
 13831 | Lair:3   | Noticed a harpy
 13839 | Lair:3   | Killed a harpy
 13840 | Lair:3   | Reached skill level 10 in Necromancy
 13840 | Lair:3   | Noticed a harpy
 13844 | Lair:3   | Killed a harpy
 13845 | Lair:3   | Reached skill level 1 in Staves
 13845 | Lair:3   | Reached XP level 12. HP: 97/97 MP: 8/19
 14643 | Lair:4   | Noticed a death yak
 14654 | Lair:4   | Killed a death yak
 14740 | Lair:4   | Noticed a death yak
 14740 | Lair:4   | Noticed a death yak
 14756 | Lair:4   | Killed a death yak
 14768 | Lair:4   | Killed a death yak
 15047 | Lair:3   | Reached skill level 11 in Necromancy
 16526 | Lair:5   | Entered Level 5 of the Lair of Beasts
 16694 | D:9      | Noticed Gastronok
 16709 | D:9      | Killed Gastronok
 16710 | D:9      | Reached skill level 12 in Necromancy
 16754 | D:9      | Found a faded altar of an unknown god.
 16849 | D:9      | Found an iron altar of Okawaru.
 16888 | D:9      | Found Ywkaz's Distillery.
 17359 | D:10     | Entered Level 10 of the Dungeon
 17644 | D:10     | Noticed Amaemon
 17653 | D:10     | Killed Amaemon
 17903 | D:10     | Found a staircase to the Orcish Mines.
 17903 | D:10     | Noticed a two-headed ogre
 17987 | D:10     | Reached skill level 1 in Shields
 17990 | D:10     | Reached skill level 1 in Maces & Flails
 18338 | D:10     | Killed a two-headed ogre
 18339 | D:10     | Reached skill level 1 in Ice Magic
 18415 | D:10     | Gained mutation: You are strongly in touch with the powers
                  | of death. [Mummy growth]
 18415 | D:10     | Reached XP level 13. HP: 81/94 MP: 18/24
 18591 | D:10     | Reached **** piety under Kikubaaqudgha
 18826 | D:11     | Noticed Snorg
 18840 | D:11     | Killed Snorg
 19032 | D:11     | Acquired the ring of Contentment {rC+ Int+3 Slay+6}
 19137 | D:10     | Acquired 1172 gold pieces
 19253 | D:11     | Learned a level 5 spell: Agony
 19374 | D:11     | Learned a level 6 spell: Simulacrum
 19924 | Lair:5   | Found a hazy altar of Hepliaklqana.
 19964 | Lair:5   | Found a staircase to the Slime Pits.
 19964 | Lair:5   | Found a viscous altar of Jiyva.
 20178 | Lair:5   | Reached skill level 5 in Ice Magic
 20898 | Orc:1    | Entered Level 1 of the Orcish Mines
 20957 | Orc:1    | Noticed Sonja
 20958 | Orc:1    | Noticed Maurice
 20992 | Orc:1    | Killed Sonja
 21137 | Orc:1    | Killed Maurice
 21248 | Orc:1    | Found a frozen archway.
 21438 | IceCv    | Entered an ice cave
 21958 | IceCv    | Noticed a reaper
 22461 | IceCv    | Mangled by a reaper

Illustrated notes

Levels and vault maps discovered:
D:1:      dpeg_arrival_radiant, layout_basic
D:2:      layout_rooms, uniq_jessica, uniq_sigmund
D:3:      minmay_spotlight, layout_basic, minmay_fractal_squares_diagonal_5
D:4:      layout_basic, ebering_ghost_rock_garden
D:5:      minmay_diamond_boxcup, layout_cave_pods, elyvilon_altar_1,
          mainiacjoe_overflow_brackets, serial_glass, glass_columns_c,
          glass_columns_b, glass_columns_b, glass_columns_b
D:6:      corexii_shantytown, layout_basic, minmay_temple_entry_tees,
          kennysheep_another_room, chequers_serial_rivers_micro_c,
          minmay_misc_feat_four_crosses
D:7:      layout_basic, uniq_maggie, uniq_pikel, uniq_joseph
D:8:      layout_basic, lair_entry_dummy
D:9:      layout_irregular_city, okawaru_ov_weapons_minmay, minitemple,
          serial_shops, shop, serial_column_ruins, column_ruins_temple_circle,
          column_ruins_hut_ruined, column_ruins_open_small,
          column_ruins_columns_T, column_ruins_columns_straight, uniq_gastronok
D:10:     layout_basic, orc_0_dummy, minmay_misc_feat_iff, uniq_amaemon
D:11:     layout_roguey, uniq_snorg
Temple:   zaba_magenta_temple
Lair:1:   layout_cave_pods, beast_lair_carwin_10
Lair:2:   layout_chaotic_city, guppyfry_snake_entry_garden, st_stairs_10,
          serial_bayou_pond_a, nicolae_quartered_pool_super
Lair:3:   layout_chaotic_city, nicolae_shoals_entry_roost
Lair:4:   layout_regular_city, serial_bayou_pond_a,
          chequers_serial_rivers_room_b, grunt_megastairs_2,
          serial_bayou_shore_a
Lair:5:   hellmonk_lair_end_abyssal_woods, layout_cellular_growth,
          nicolae_slime_entry_slimehenge, basic_altar, serial_bayou_ford_a
Orc:1:    layout_caves, portal_ice_cave_entry_pillars_2, uniq_maurice,
          uniq_sonja
IceCv:    ice_cave_caverns_03

Skill      XL: |  1  2  3  4  5  6  7  8  9 10 11 12 13 |
---------------+----------------------------------------+-----
Axes           | 3 4 6 8 |  8.6
Conjurations   | 3 4 |  4.6
Fighting       | 3 4 5 6 7 8 10 11 | 11.7
Necromancy     | 1 3 7 10 12 | 12.5
Armour         | 1 3 4 5 |  5.0
Spellcasting   | 4 5 7 9 |  9.7
Summonings     | 3 |  3.0
Staves         | 1 |  1.2
Shields        | 1 |  1.0
Maces & Flails | 1 |  1.0
Ice Magic      | 1 6 |  6.6
Dodging        | |  1.5
Evocations     | |  0.6

Action                     |  1- 3 |  4- 6 |  7- 9 | 10-12 | 13-15 || total
---------------------------+-------+-------+-------+-------+-------++-------
  Melee: Hand axe          |    93 |   225 |   410 |   112 |   202 ||  1042
         Punch             |       |     3 |     8 |     2 |     6 ||    19
         Staff             |       |       |       |    81 |    62 ||   143
         Demon whip        |       |       |       |       |    20 ||    20
   Cast: Kiss of Death     |     3 |     9 |       |       |       ||    12
         Vampiric Draining |       |       |       |   296 |    79 ||   375
         Necrotise         |       |       |       |    62 |    11 ||    73
         Cigotuvi's Dreadf |       |       |       |     4 |     1 ||     5
         Anguish           |       |       |       |     6 |     3 ||     9
         Death Channel     |       |       |       |     5 |     8 ||    13
         Simulacrum        |       |       |       |       |    11 ||    11
         Agony             |       |       |       |       |     3 ||     3
 Invoke: Unearth Wretches  |       |       |       |     4 |     9 ||    13
  Evoke: Wand              |       |       |       |     9 |     2 ||    11
    Use: Scroll            |       |       |    15 |     7 |     7 ||    29
   Stab: Sleeping          |       |     1 |       |       |       ||     1
         Distracted        |       |       |       |       |     3 ||     3
         Paralysed         |       |       |       |       |     1 ||     1
 Armour: Leather armour    |    42 |       |       |       |    16 ||    58
         Robe              |       |    95 |       |       |       ||    95
         Plate armour      |       |    21 |   297 |    26 |       ||   344
         Acid dragon scale |       |       |       |   294 |       ||   294
         Troll leather arm |       |       |       |    21 |   144 ||   165
  Dodge: Dodged            |    81 |   184 |    83 |   362 |   188 ||   898
         Repelled          |       |       |       |     1 |     2 ||     3

Table legend: (Time is in decaauts)
 A = Elapsed time spent in this place.
 B = Non-inter-level travel time spent in this place.
 C = Inter-level travel time spent in this place.
 D = Time resting spent in this place.
 E = Time spent auto-exploring this place.
 F = Levels seen in this place.
 G = Mean time per level.
                   A        B        C        D        E       F      G
               +--------+--------+--------+--------+--------+-----+--------+
         Total |  22565 |  21206 |   1359 |   8059 |   7686 |  19 | 1187.6 |
       Dungeon |  11794 |  11103 |    691 |   3070 |   5307 |  11 | 1072.2 |
        Temple |    109 |     92 |     17 |      0 |     50 |   1 |  109.0 |
          Lair |   9234 |   8584 |    650 |   4513 |   2311 |   5 | 1846.8 |
  Orcish Mines |    404 |    404 |      0 |    117 |      0 |   1 |  404.0 |
      Ice Cave |   1023 |   1023 |      0 |    359 |     18 |   1 | 1023.0 |
               +--------+--------+--------+--------+--------+-----+--------+

Top non-repeatable levels by time:
  Lair:2: 2467 daAuts
  Lair:4: 2099 daAuts
  Lair:1: 2096 daAuts
    D:10: 1676 daAuts
     D:5: 1617 daAuts
  Lair:3: 1550 daAuts
     D:3: 1387 daAuts
     D:8: 1343 daAuts
     D:9: 1220 daAuts
     D:6: 1052 daAuts
   IceCv: 1023 daAuts
  Lair:5: 1020 daAuts
     D:4: 828 daAuts
     D:1: 812 daAuts
     D:2: 792 daAuts
